AoeStats
← polom.s1989

Black Forest

509845492Analyzed
4v4 RM · 5d ago on Sep 28, 2026· 58m 14s· 8 players
Game mode
Random Map
Map size
Large (8 player)
Population
200
Speed
Normal
Resources
Standard
Victory
Conquest
Starting age
Dark Age
Ending age
Imperial Age
RankedLock teamsTeams togetherTeam positionsShared explorationLock speedFull tech treeHidden civsTurbo modeCheats
Victory
Defeat
🇻🇳 Italians · Vietnam
1555
+16
🇫🇷 Dravidians · France
1554
+16
🇯🇵 Italians · Japan
1554
+16
🇨🇿 Bulgarians · Czechia
1501
+18
1659
-22
🇯🇵 Khitans · Japan
1608
-19
🇯🇵 Saxons · Japan
1472
-13
🇦🇷 Khmer · Argentina
1443
-12
Lil Fabrice
9:57 Feudal Age
13:57 Castle Age
12:19 Double-Bit Axe
12:50 Horse Collar
14:18 Loom
23:26 Wheelbarrow
24:09 Bow Saw
24:48 Hand Cart
24:45 Bow Saw
25:46 Gold Mining
25:58 Heavy Plow
29:54 Imperial Age
27:30 Fletching
27:40 Padded Archer Armor
27:47 Town Watch
29:09 Bodkin Arrow
29:30 Leather Archer Armor
29:46 Ballistics
30:58 Thumb Ring
30:54 Bracer
30:46 Elite Elephant Archer
33:40 Chemistry
33:46 Medical Corps
34:56 Ring Archer Armor
34:39 Guilds
35:10 Masonry
35:37 Conscription
35:31 Pikeman
36:11 Squires
36:38 Scale Mail Armor
36:49 Forging
36:37 Halberdier
37:33 Chain Mail Armor
38:37 Plate Mail Armor
39:39 Iron Casting
39:41 Coinage
40:10 Bombard Tower
47:02 Guard Tower
46:58 Arrowslits
47:09 Murder Holes
48:46 Wootz Steel
49:11 Caravan
49:21 Onager
52:43 Siege Onager
56:16 Hoardings
56:44 Blast Furnace
55:49 Siege Elephant
luanb10
5:53 Loom
9:15 Feudal Age
9:20 Man-at-Arms
9:46 Arson
16:26 Double-Bit Axe
22:05 Castle Age
22:54 Fletching
29:41 Imperial Age
27:45 Ballistics
30:58 Bodkin Arrow
33:47 Bow Saw
35:10 Chemistry
35:15 Conscription
36:29 Guard Tower
36:53 Murder Holes
38:16 Bracer
40:35 Padded Archer Armor
42:21 Thumb Ring
43:19 Leather Archer Armor
46:41 Ring Archer Armor
46:49 Wheelbarrow
47:52 Hand Cart
48:23 Stone Mining
48:24 Gold Mining
51:41 Two-Man Saw
52:17 Coinage
51:47 Caravan
52:31 Masonry
51:43 Elite Genoese Crossbowman
54:42 Scale Mail Armor
54:52 Forging
55:14 Banking
54:55 Guilds
war-f
2:59 Loom
11:21 Feudal Age
15:13 Castle Age
14:03 Double-Bit Axe
13:59 Horse Collar
16:33 Bow Saw
24:49 Wheelbarrow
25:21 Fletching
25:56 Bodkin Arrow
26:01 Murder Holes
26:27 Ballistics
27:18 Town Watch
29:37 Town Watch
32:33 Imperial Age
36:53 Bracer
38:36 Chemistry
37:48 Masonry
37:20 Treadmill Crane
39:09 Padded Archer Armor
39:10 Scale Mail Armor
41:03 Architecture
42:24 Conscription
42:22 Gold Mining
43:55 Leather Archer Armor
44:15 Stone Mining
45:20 Coinage
47:09 Ring Archer Armor
48:38 Chain Mail Armor
47:56 Elite Genoese Crossbowman
49:31 Thumb Ring
52:42 Plate Mail Armor
52:23 Forging
52:53 Hoardings
54:11 Banking
53:52 Guilds
54:14 Heated Shot
55:19 Onager
polom.s1989
4:32 Loom
4:59 Loom
10:50 Feudal Age
19:06 Castle Age
16:58 Horse Collar
17:32 Double-Bit Axe
18:38 Gold Mining
18:41 Stone Mining
20:57 Wheelbarrow
21:00 Heavy Plow
24:09 Bow Saw
24:20 Town Watch
26:32 Ballistics
26:53 Forging
26:49 Scale Barding Armor
28:04 Iron Casting
30:49 Masonry
31:37 Chain Barding Armor
31:28 Fletching
32:17 Hand Cart
32:56 Scale Mail Armor
32:54 Bodkin Arrow
34:35 Murder Holes
35:36 Town Patrol
36:16 Gold Shaft Mining
39:22 Imperial Age
36:32 Pikeman
36:57 Gambesons
37:12 Squires
37:52 Scale Mail Armor
38:56 Stone Shaft Mining
39:27 Chain Mail Armor
39:29 Halberdier
40:08 Arson
40:56 Plate Mail Armor
41:26 Blast Furnace
40:59 Architecture
43:09 Chemistry
43:10 Bagains
43:31 Conscription
46:43 Coinage
46:13 Caravan
54:48 Banking
56:05 Bloodlines
55:55 Husbandry
56:00 Stirrups
55:28 Light Cavalry
happikon.6139
0:44 Loom
9:33 Feudal Age
17:20 Castle Age
15:10 Double-Bit Axe
15:35 Stone Mining
15:44 Horse Collar
18:45 Scale Mail Armor
20:49 Bow Saw
22:20 Forging
22:38 Town Watch
25:30 Wheelbarrow
27:58 Iron Casting
27:45 Chain Mail Armor
28:39 Gold Mining
39:16 Gold Shaft Mining
39:08 Heavy Plow
39:47 Caravan
40:49 Hand Cart
40:55 Fortified Wall
43:30 Imperial Age
42:30 Pikeman
43:10 Squires
43:47 Iron Casting
43:16 Arson
43:30 Clerical Recruitment
43:33 Onager
45:35 Chemistry
44:42 Elite Varangian Guard
44:42 Halberdier
45:54 Block Printing
45:55 Redemption
46:05 Sanctity
45:38 Shield Wall
46:39 Conscription
47:16 Plate Mail Armor
46:38 Fletching
48:34 Siege Engineers
48:34 Elite Hearth Troop
48:47 Onager
48:50 Capped Ram
51:29 Siege Ram
53:35 Guilds
55:18 Masonry
56:19 Hoardings
帅气的孔
1:50 Loom
11:39 Feudal Age
17:38 Fletching
31:08 Wheelbarrow
30:28 Gold Mining
30:49 Stone Mining
30:57 Horse Collar
31:08 Double-Bit Axe
37:37 Castle Age
40:16 Castle Age
48:09 Town Watch
54:50 Elite Skirmisher
种田人口才是基本盘
10:39 Feudal Age
15:03 Castle Age
13:09 Double-Bit Axe
13:45 Horse Collar
15:54 Heavy Plow
16:08 Bow Saw
16:05 Loom
20:06 Wheelbarrow
23:09 Szlachta Privileges
23:46 Scale Barding Armor
24:32 Forging
25:21 Bloodlines
25:11 Husbandry
28:01 Chain Barding Armor
28:17 Iron Casting
29:05 Gold Mining
32:42 Imperial Age
33:37 Hand Cart
33:57 Crop Rotation
32:49 Cavalier
34:31 Blast Furnace
33:53 Conscription
33:08 Onager
33:43 Stone Mining
36:14 Masonry
36:17 Fortified Wall
37:01 Ballistics
37:43 Chemistry
43:21 Light Cavalry
44:26 Capped Ram
45:28 Winged Hussar
46:36 Lechitic Legacy
46:16 Siege Ram
48:52 Hoardings
48:26 Siege Engineers
48:15 Fletching
48:15 Town Watch
50:53 Bodkin Arrow
50:57 Murder Holes
51:24 Ballistics
toyoruku
10:29 Feudal Age
14:56 Castle Age
13:52 Double-Bit Axe
13:48 Domestication
17:06 Bow Saw
21:29 Wheelbarrow
23:39 Forging
23:43 Pastoralism
23:47 Husbandry
24:31 Hand Cart
24:39 Gold Mining
25:12 Town Watch
26:02 Scale Barding Armor
27:10 Iron Casting
28:17 Stone Mining
28:57 Husbandry
29:31 Chain Barding Armor
29:13 Loom
33:20 Imperial Age
32:07 Stone Shaft Mining
33:30 Caravan
34:38 Plate Barding Armor
33:25 Elite Steppe Lancer
35:37 Guilds
35:58 Coinage
36:34 Scale Mail Armor
37:26 Conscription
37:45 Ordo Cavalry
41:21 Light Cavalry
44:08 Two-Man Saw
42:58 Elite Liao Dao
43:55 Chain Mail Armor
46:35 Transhumance
48:23 Banking
48:46 Plate Mail Armor
48:31 Hussar
Connection lost

Rejoining the realm…

Still unreachable

The connection could not be restored.

Session expired

The server has moved on; the page needs a fresh start.